 Dungeon Crawl Stone Soup version 0.26.1-16-g4e020e15dc (webtiles) character file.

Game seed: 9830349475183880474

233 BlasphemerAmon the Bolt Thrower (level 5, -4/38 HPs)
             Began as a Demonspawn Arcane Marksman on May 16, 2023.
             Killed from afar by an orc wizard (11 damage)
             ... with a puff of flame
             ... on level 4 of the Dungeon.
             The game lasted 00:03:54 (3105 turns).

BlasphemerAmon the Bolt Thrower (DsAM)              Turns: 3105, Time: 00:03:54

Health: -4/38      AC:  2    Str: 10    XL:     5   Next: 75%
Magic:  6/6        EV: 13    Int: 14    God:
Gold:   116        SH:  0    Dex: 15    Spells: 5/6 levels left

rFire    . . .     SeeInvis .   a - +0 hand crossbow
rCold    . . .     Faith    .   (no shield)
rNeg     . . .     Spirit   .   e - +0 robe
rPois    .         Reflect  .   (no helmet)
rElec    .         Harm     .   (no cloak)
rCorr    .         Rampage  .   (no gloves)
Will     .....                  (no boots)
Stlth    ++........             (no amulet)
HPRegen  0.12/turn              (no ring)
MPRegen  0.10/turn              (no ring)

@: no status effects
A: claws 1, powered by death 2
a: no special abilities


You were on level 4 of the Dungeon.
You visited 1 branch of the dungeon, and saw 4 of its levels.

You collected 116 gold pieces.

Inventory:

Hand Weapons
 a - a +0 hand crossbow (weapon)
Missiles
 d - 19 bolts (quivered ammo)
Armour
 e - a +0 robe (worn)
Jewellery
 q - an uncursed ring of positive energy {unknown}
Scrolls
 b - 3 scrolls of identify {unknown}
 c - a scroll of enchant armour {unknown}
 f - 2 scrolls of remove curse {unknown}
 g - a scroll of fear {unknown}
 h - 3 scrolls of teleportation {unknown}
 j - a scroll of enchant weapon {unknown}
 l - a scroll of magic mapping {unknown}
 p - a scroll of random uselessness {unknown}
Potions
 i - a potion of brilliance {unknown}
 k - a potion of cancellation {unknown}
 m - 2 potions of curing {unknown}
 n - 2 potions of attraction {unknown}
 o - 2 potions of lignification {unknown}


   Skills:
 + Level 2.1 Fighting
 + Level 4.2 Crossbows
 + Level 2.1 Dodging
 + Level 0.6 Stealth
 * Level 0.8 Unarmed Combat
 + Level 1.0 Spellcasting
 + Level 3.9 Hexes


You had 5 spell levels left.
You knew the following spells:

 Your Spells              Type           Power        Failure   Level
a - Corona                Hex            12%          5%          1

Your spell library contained the following spells:

 Spells                   Type           Power        Failure   Level
 Slow                     Hex            11%          8%          2
 Inner Flame              Hex/Fire       6%           34%         3
 Portal Projectile        Hex/Tloc       12%          34%         3
 Cause Fear               Hex            5%           45%         4
 Leda's Liquefaction      Hex/Erth       3%           75%         4


Dungeon Overview and Level Annotations

Branches:
Dungeon (4/15)
 Temple: D:4-7

Altars:
Fedhas
Nemelex Xobeh
Ru
Sif Muna
Zin


Innate Abilities, Weirdness & Mutations

You have sharp fingernails.
You regenerate health from kills.


Message History

A puff of flame appears from out of thin air!
The puff of flame hits you.
You closely miss something.
You hear some strange, mumbled words.
A puff of flame appears from out of thin air!
The puff of flame hits you!
You barely miss something.
You feel sick. Something hits you. x2
You closely miss something. Something hits you.
You closely miss something.
You hear some strange, mumbled words.
A puff of flame appears from out of thin air!
The puff of flame hits you.
* * * LOW HITPOINT WARNING * * *
Something hits you but does no damage.
You miss something.
You feel sick.
You are no longer poisoned.
You hear some strange, mumbled words.
A puff of flame appears from out of thin air!
The puff of flame hits you!
You die...
PP_P

.(P.P
....P
#... ...
#.#
##?(# #
#@{#
#.#.##
#.#.####
#......#
###<##.#
#)# #
#.# #.#
..#


There were no monsters in sight!

Vanquished Creatures
  2 hounds
  An orc wizard (D:4)
  3 gnolls (D:3)
  5 adders
  3 oozes
  3 worms (D:2)
  2 dart slugs
  2 leopard geckos
  2 orcs
  3 bats
  A giant cockroach (D:2)
  5 goblins
  3 hobgoblins
  7 kobolds
  2 quokkas
  4 frilled lizards (D:2)
  6 rats
54 creatures vanquished.

Notes
Turn   | Place    | Note
-------+----------+-------------------------------------------
     0 | D:1      | BlasphemerAmon the Demonspawn Arcane Marksman began the
                  | quest for the Orb.
     0 | D:1      | Reached XP level 1. HP: 15/15 MP: 2/2
   419 | D:1      | Gained mutation: You regenerate a little health from kills.
                  | [demonic ancestry]
   419 | D:1      | Reached XP level 2. HP: 21/21 MP: 3/3
   495 | D:1      | Reached skill level 2 in Crossbows
  1055 | D:2      | Reached XP level 3. HP: 26/26 MP: 4/4
  1532 | D:2      | Found a sparkling altar of Nemelex Xobeh.
  1664 | D:2      | Gained mutation: You regenerate health from kills. [demonic
                  | ancestry]
  1664 | D:2      | Reached XP level 4. HP: 32/32 MP: 5/5
  1937 | D:2      | Reached skill level 3 in Crossbows
  2238 | D:2      | Found a glowing silver altar of Zin.
  2238 | D:2      | Noticed an angel
  2440 | D:3      | Found a shimmering blue altar of Sif Muna.
  2473 | D:3      | Gained mutation: You have sharp fingernails. [demonic
                  | ancestry]
  2473 | D:3      | Reached XP level 5. HP: 38/38 MP: 6/6
  2573 | D:3      | Found a sacrificial altar of Ru.
  2905 | D:3      | Reached skill level 4 in Crossbows
  3097 | D:4      | Found a blossoming altar of Fedhas.
  3105 | D:4      | Killed from afar by an orc wizard

Illustrated notes

Levels and vault maps discovered:
D:1:      giann_horns, layout_loops_ring
D:2:      layout_basic, nemelex_altar_shiori, zin_angel
D:3:      layout_loops_ring, overflow_temple_1_default, kennysheep_doodads,
          lemuel_statue_altar
D:4:      layout_rooms, grunt_temple_overflow_forces_of_nature, serial_shops,
          shop

Skill      XL: |  1  2  3  4  5 |
---------------+----------------+-----
Crossbows      | 2 3 4 |  4.2
Dodging        | 2 |  2.1
Fighting       | 2 |  2.1
Stealth        | |  0.6
Unarmed Combat | |  0.8
Spellcasting   | |  1.0
Hexes          | |  3.9

Action                   |  1- 3 |  4- 6 || total
-------------------------+-------+-------++-------
Melee: Hand crossbow     |     6 |    10 ||    16
 Fire: Hand crossbow     |    79 |    75 ||   154
Armor: Robe              |     5 |     7 ||    12
Dodge: Dodged            |    27 |    26 ||    53
